 Dungeon Crawl Stone Soup version 0.23.0 (webtiles) character file.

Game seed: 11888128937376636801

143 vishdafish the Cudgeler (level 5, 0/49 HPs)
             Began as a Troll Skald on Feb 15, 2019.
             Slain by Grinder (5 damage)
             ... on level 3 of the Dungeon.
             The game lasted 00:03:14 (1595 turns).

vishdafish the Cudgeler (Troll Skald)               Turns: 1595, Time: 00:03:15

Health: 0/49       AC:  6    Str: 19    XL:     5   Next: 4%
Magic:  6/6        EV: 10    Int: 10    God:
Gold:   90         SH:  0    Dex:  9    Spells: 4/7 levels left

rFire    . . .     SeeInvis .   a - +0 mace
rCold    . . .     Gourm    +   (no shield)
rNeg     . . .     Faith    .   b - +0 robe
rPois    +         Spirit   .   (helmet restricted)
rElec    .         Reflect  .   (no cloak)
rCorr    .         Harm     .   (gloves unavailable)
MR       +....                  (boots unavailable)
Stlth    +.........             (no amulet)
HPRegen  0.56/turn              h - ring of poison resistance
MPRegen  0.10/turn              c - ring of protection from magic

@: no status effects
A: large, unfitting armour, claws 3, fast metabolism 3, gourmand, regeneration
1, shaggy fur 1, tough skin 3
a: no special abilities


You were on level 3 of the Dungeon.
You were not hungry.

You visited 1 branch of the dungeon, and saw 3 of its levels.

You collected 90 gold pieces.

Inventory:

Hand Weapons
 a - a +0 mace (weapon)
Armour
 b - a +0 robe (worn)
Jewellery
 c - a ring of protection from magic (right claw)
 h - a ring of poison resistance (left claw)
Scrolls
 e - 2 scrolls of immolation {unknown}
 f - 3 scrolls of teleportation
 g - 2 scrolls of remove curse
 i - a scroll of fog {unknown}
 n - a scroll of enchant armour {unknown}
Potions
 j - a potion of berserk rage {unknown}
 k - a potion of agility
Comestibles
 d - 8 rations


   Skills:
 + Level 2.2 Fighting
 * Level 3.1 Maces & Flails
 + Level 2.4 Dodging
 + Level 1.8 Spellcasting
 + Level 2.3 Charms


You had 4 spell levels left.
You knew the following spells:

 Your Spells              Type           Power        Failure   Level  Hunger
a - Infusion              Chrm           #...         12%         1    ##.....
b - Song of Slaying       Chrm           #.......     19%         2    ###....

Your spell library contained the following spells:

 Spells                   Type           Power        Failure   Level  Hunger
 Shroud of Golubria       Chrm/Tloc      #.........   30%         2    ###....
 Regeneration             Chrm/Necr      #.........   52%         3    ####...
 Spectral Weapon          Hex/Chrm       #.......     52%         3    ####...


Dungeon Overview and Level Annotations

Branches:
Dungeon (3/15)

Altars:
Elyvilon

Annotations:
D:3 Grinder


Innate Abilities, Weirdness & Mutations

You are too large for most types of armour.
You have claws for hands.
Your metabolism is lightning-fast.
You like to eat raw meat.
Your natural rate of healing is unusually fast.
You are covered in fur. (AC +1)
You have extremely tough skin. (AC +3)


Message History

You aren't carrying any items that you can evoke.
You hit Grinder but do no damage.
Grinder is almost dead.
Grinder closely misses you.
Okay, then.
You barely miss Grinder.
Grinder is almost dead.
Grinder gestures at you. You resist with almost no effort.
You hit Grinder but do no damage.
Grinder is almost dead.
Grinder says, "Wait up."
Grinder hits you but does no damage. Grinder hits you.
* * * LOW HITPOINT WARNING * * *
You writhe in agony.
* * * LOW HITPOINT WARNING * * *
You hit Grinder.
Grinder is almost dead.
Grinder hits you.
You die...

.# .#####.†.##### .#
...........(.# .#
######...###.# (# ##.##
#.# .# ##...###.#####.#
##########.......$......#
................#.#######
..>.######.....#...#
###.# ##...#.@..# #.#
##.#..5<.# #.# ##......##
#.# #......##
#.#######......#
###.##...........#
....##?####..##<.# .....#
#..##.## ##.#.# #..##.+


You could see Grinder.

Vanquished Creatures
  An orc wizard (D:3)
  4 adders
  An ooze (D:2)
  2 worms
  A dart slug (D:2)
  A leopard gecko (D:3)
  4 orcs
  A bat (D:1)
  2 giant cockroaches (D:1)
  6 goblins
  6 hobgoblins (D:1)
  2 jackals (D:2)
  A frilled lizard (D:3)
  5 kobolds
  6 rats
43 creatures vanquished.

Vanquished Creatures (others)
  An orc wizard (D:3)
1 creature vanquished.

Grand Total: 44 creatures vanquished

Notes
Turn   | Place    | Note
-------+----------+-------------------------------------------
     0 | D:1      | vishdafish the Troll Skald began the quest for the Orb.
     0 | D:1      | Reached XP level 1. HP: 19/19 MP: 1/1
    62 | D:1      | Reached skill level 2 in Maces & Flails
   113 | D:1      | Reached XP level 2. HP: 28/28 MP: 2/2
   439 | D:2      | Reached XP level 3. HP: 34/35 MP: 4/4
   791 | D:2      | Learned a level 2 spell: Song of Slaying
  1032 | D:2      | Found a white marble altar of Elyvilon.
  1137 | D:3      | Noticed Grinder
  1137 | D:3      | Paralysed by Grinder for 7 turns
  1148 | D:3      | Paralysed by Grinder for 5 turns
  1160 | D:3      | Paralysed by Grinder for 4 turns
  1251 | D:3      | Reached XP level 4. HP: 42/42 MP: 5/5
  1268 | D:3      | Reached skill level 3 in Maces & Flails
  1500 | D:3      | Reached XP level 5. HP: 41/49 MP: 6/6
  1569 | D:3      | Paralysed by Grinder for 7 turns
  1595 | D:3      | Slain by Grinder

Skill      XL: |  1  2  3  4 |
---------------+-------------+-----
Dodging        | 2 |  2.4
Maces & Flails | 2 3 |  3.1
Fighting       | 2 |  2.2
Spellcasting   | |  1.8
Charms         | |  2.3

Action                   |  1- 3 |  4- 6 || total
-------------------------+-------+-------++-------
Melee: Mace              |   156 |    66 ||   222
  Use: Potion            |     4 |     1 ||     5
       Scroll            |     3 |       ||     3
  Eat: Chunk             |    11 |     4 ||    15
Armor: Robe              |    75 |    19 ||    94
       Skin              |       |    14 ||    14
Dodge: Dodged            |   125 |    24 ||   149
